 Dungeon Crawl Stone Soup version 0.24-a0-584-g9d6b971ae4 (webtiles) character file.

Game seed: 18144868515828376904, levelgen mode: deterministic

198 Mithandil the Agent of Entropy (level 5, 0/41 HPs)
             Began as a Demonspawn Abyssal Knight on Sept 5, 2019.
             Was a Priest of Lugonu.
             Slain by an orc wizard
             ... wielding a +0 dagger
              (2 damage)
             ... on level 4 of the Dungeon.
             The game lasted 00:22:46 (3563 turns).

Mithandil the Agent of Entropy (DsAK)               Turns: 3563, Time: 00:22:47

Health: 0/41       AC:  5    Str: 13    XL:     5   Next: 47%
Magic:  2/8        EV: 11    Int: 14    God:    Lugonu [***...]
Gold:   226        SH:  0    Dex: 12    Spells: 4/8 levels left

rFire    + . .     SeeInvis .     - Unarmed
rCold    . . .     Gourm    .   (no shield)
rNeg     . . .     Faith    .   k - +0 ring mail
rPois    .         Spirit   .   (no helmet)
rElec    .         Reflect  .   (no cloak)
rCorr    .         Harm     .   (no gloves)
MR       .....                  (no boots)
Stlth    +.........             (no amulet)
HPRegen  0.13/turn              e - ring of protection from fire
MPRegen  0.11/turn              (no ring)

@: very slightly contaminated
A: claws 2, rot immunity
a: Depart the Abyss, Bend Space, Banish, Renounce Religion


You were on level 4 of the Dungeon.
You worshipped Lugonu.
Lugonu was most pleased with you.
You were hungry.

You visited 1 branch of the dungeon, and saw 5 of its levels.
You visited the Abyss 1 time.

You collected 226 gold pieces.

Inventory:

Hand Weapons
 b - a +0 arbalest
 o - a +1 mace
 r - a +0 spear
 s - a +1 antimagic dagger
Missiles
 d - 118 stones
 f - 4 poisoned darts
 g - 41 sling bullets
 i - 6 boomerangs (quivered)
 j - 23 arrows
Armour
 k - a +0 ring mail (worn)
Jewellery
 e - a ring of protection from fire (left claw)
Wands
 t - a wand of paralysis (10)
Scrolls
 h - 2 scrolls of fog
 l - 2 scrolls of magic mapping
 q - 3 scrolls of identify
Potions
 a - 2 potions of lignification
 m - a potion of curing
 n - a potion of might
Comestibles
 c - 7 rations


   Skills:
 + Level 3.2 Fighting
 - Level 0.5 Short Blades
 - Level 2.0 Maces & Flails
 + Level 2.2 Armour
 + Level 1.6 Dodging
 + Level 1.1 Stealth
 + Level 1.2 Unarmed Combat
 * Level 2.0 Spellcasting
 * Level 1.4 Conjurations
 + Level 0.9 Earth Magic
 + Level 3.3 Invocations


You had 4 spell levels left.
You knew the following spells:

 Your Spells              Type           Power        Failure   Level  Hunger
a - Stone Arrow           Conj/Erth      #.....       67%         3    ####...
s - Sandblast             Erth           #.....       34%         1    ##.....

Your spell library contained the following spells:

 Spells                   Type           Power        Failure   Level  Hunger
 Passwall                 Tmut/Erth      #.......     54%         2    ###....
 Petrify                  Tmut/Erth      #.......     99%         4    #####..
 Lee's Rapid Deconstruct  Erth           #.........   100%        5    ######.


Dungeon Overview and Level Annotations

Branches:
Dungeon (5/15)
 Temple: D:4-7

Altars:
Qazlal

Annotations:
D:2 1 runed translucent door, Crazy Yiuf


Innate Abilities, Weirdness & Mutations

You have very sharp fingernails.
You are immune to rotting.


Message History

Aim: an orc priest, wielding a -3 falchion (almost dead)
The blast of sand hits the orc priest!
You kill the orc priest!
Lugonu accepts your kill.
Your Spellcasting skill increases to level 2!
d - 118 stones
Casting: Sandblast (safe; 34% risk of failure)
Confirm with . or Enter, or press ? or * to list all spells.
You can't see any susceptible monsters within range! (Use Z to cast anyway.) Unknown command.
You closely miss something.
You hear some strange, mumbled words.
A puff of frost appears from out of thin air!
The puff of frost hits you!
* * * LOW HITPOINT WARNING * * *
You scratch something. Something hits you.
* * * LOW HITPOINT WARNING * * *
Something hits you but does no damage.
You scratch something but do no damage. Something hits you.
You die...

#.#.#.# #.#.#.#
#.#.#?# #.#.#.#
#.#.#.# #.#.#.#
######.#...#
........########
#######.@)......
#.######## #.#
### #.# #<# #!#
#.# #.# #.# ..#
#.. ## ###


There were no monsters in sight!

Vanquished Creatures
  An orc priest (D:4)
  An iguana (D:4)
  A worker ant (D:4)
  3 adders
  2 worms (D:3)
  2 dart slugs (D:2)
  3 leopard geckos (D:2)
  3 orcs (D:4)
  2 ball pythons
  10 bats
  2 giant cockroaches (D:2)
  11 goblins
  5 hobgoblins
  2 jackals (D:1)
  3 quokkas
  10 frilled lizards
  9 kobolds
  6 rats
76 creatures vanquished.

Notes
Turn   | Place    | Note
-------+----------+-------------------------------------------
     0 | Abyss:1  | Mithandil the Demonspawn Abyssal Knight began the quest for
                  | the Orb.
     0 | Abyss:1  | Reached XP level 1. HP: 18/18 MP: 2/2
    67 | Abyss:2  | Noticed a small abomination
    68 | D:1      | Escaped the Abyss
   105 | D:1      | Reached * piety under Lugonu
   105 | D:1      | Reached skill level 1 in Dodging
   495 | D:2      | Gained mutation: You have sharp fingernails. [demonic
                  | ancestry]
   495 | D:2      | Reached XP level 2. HP: 21/24 MP: 3/3
   557 | D:1      | Learned a level 1 spell: Sandblast
   857 | D:1      | Reached skill level 1 in Spellcasting
   942 | D:1      | Reached XP level 3. HP: 29/29 MP: 2/5
  1143 | D:2      | Reached ** piety under Lugonu
  1267 | D:2      | Learned a level 3 spell: Stone Arrow
  1439 | D:2      | Found a runed translucent door.
  1440 | D:2      | Noticed Crazy Yiuf
  1768 | D:2      | Gained mutation: You are immune to rotting. [demonic
                  | ancestry]
  1768 | D:2      | Reached XP level 4. HP: 14/35 MP: 3/6
  2233 | D:3      | Found a stormy altar of Qazlal.
  2494 | D:3      | Reached skill level 1 in Unarmed Combat
  2812 | D:3      | Reached skill level 1 in Conjurations
  3037 | D:4      | Reached skill level 1 in Stealth
  3094 | D:4      | Gained mutation: You have very sharp fingernails. [demonic
                  | ancestry]
  3094 | D:4      | Reached XP level 5. HP: 6/41 MP: 7/7
  3390 | D:5      | Entered Level 5 of the Dungeon
  3555 | D:4      | Reached *** piety under Lugonu
  3562 | D:4      | HP: 1/41 [something (4)]
  3563 | D:4      | Slain by an orc wizard

Levels and vault maps discovered:
D:1:      enne_arrival_octagon_isle, layout_rooms, minmay_lizard_pond
D:2:      layout_basic, st_stairs_6, uniq_crazy_yiuf_cottage
D:3:      layout_loops_corners, grunt_qazlal_sundering
D:4:      layout_basic
D:5:      layout_basic, okawaru_ov_weapons_minmay, minmay_temple_entry_junction,
          first_ration, basic_altar, kennysheep_big_empty_room,
          nemelex_xobeh_ov_fountains_minmay

Skill      XL: |  1  2  3  4  5 |
---------------+----------------+-----
Dodging        | 1 |  1.6
Maces & Flails | 2 |  2.0
Armour         | 2 |  2.2
Spellcasting   | 1 2 |  2.0
Invocations    | 3 |  3.3
Unarmed Combat | 1 |  1.2
Conjurations   | 1 |  1.4
Stealth        | 1 |  1.1
Fighting       | |  3.2
Short Blades   | |  0.5
Earth Magic    | |  0.9

Action                   |  1- 3 |  4- 6 || total
-------------------------+-------+-------++-------
Melee: Mace              |    35 |       ||    35
       Dagger            |   168 |       ||   168
       Punch             |     1 |       ||     1
       Unarmed           |       |   128 ||   128
 Cast: Sandblast         |    23 |    26 ||    49
Invok: Depart the Abyss  |     1 |       ||     1
  Use: Scroll            |     5 |     2 ||     7
       Potion            |     2 |     2 ||     4
  Eat: Chunk             |     4 |     7 ||    11
Armor: Leather armour    |     9 |       ||     9
       Ring mail         |    84 |    43 ||   127
Dodge: Dodged            |   128 |    83 ||   211

Table legend:
 A = Non-vault XP
 B = Vault XP
 C = Vault XP percentage of total XP
 D = Non-vault monster count
 E = Vault monster count
 F = Vault count percentage of total count
                 A         B        C        D         E       F
            +---------+---------+-------+---------+---------+-------
      Total |     276 |       7 |   2.5 |      70 |       6 |   7.9
            +---------+---------+-------+---------+---------+-------
        D:1 |      31 |       5 |  13.9 |      20 |       5 |  20.0
        D:2 |      62 |       2 |   3.1 |      24 |       1 |   4.0
        D:3 |      62 |       0 |   0.0 |      20 |       0 |   0.0
        D:4 |     121 |       0 |   0.0 |       6 |       0 |   0.0
            +---------+---------+-------+---------+---------+-------
